Map: Rifts to Korhal

Players

NamroodTuo

  • Race: Terran Terran
  • Spawn Location: 7:00

SlavaUkraini

  • Race: Zerg Zerg

VOD

Have the link to the VOD?

Description

Time

  • Played on: Feb. 23, 2023, 10:25 a.m.
  • Length: 16:29
Show
View Real Time Build Order
Export as new Build Order

NamroodTuo Terran 

Build Orders:  

Get SALT Encoding   

  12  0:02  SCV  
  13  0:16  SCV  
  14  0:30  Supply Depot  
  14  0:33  SCV  
  15  0:47  SCV  
  16  1:00  SCV  
  17  1:14  SCV  
  18  1:27  SCV  
  19  1:32  Supply Depot  
  19  1:41  SCV  
  20  1:53  Supply Depot  
  20  1:54  SCV  
  21  2:08  SCV  
  22  2:14  Factory  
  22  2:21  SCV  
  23  2:35  SCV  
  24  2:45  Perdition Turret  
  24  2:49  SCV  
  25  3:02  SCV  
  26  3:13  Perdition Turret  
  26  3:24  Perdition Turret  
  26  3:35  Refinery  
  26  3:36  SCV, Perdition Turret  
  27  3:48  Devastation Turret  
  27  3:50  SCV  
  28  4:03  SCV, Devastation Turret  
  29  4:17  SCV, Devastation Turret  
  29  4:18  Armory  
  30  4:22  Refinery  
  30  4:30  SCV  
  31  4:44  SCV  
  31  4:46  Devastation Turret  
  32  4:58  Engineering Bay  
  32  5:16  SCV  
  33  5:25  Supply Depot  
  33  5:30  SCV  
  33  5:36  Upgrade Laser Drill Level 1  
  34  5:42  Supply Depot  
  34  5:43  SCV  
  34  5:47  Spinning Dizzy  
  34  5:48  Spinning Dizzy  
  35  5:57  SCV  
  36  6:00  Spinning Dizzy  
  36  6:03  Perdition Turret  
  36  6:04  Perdition Turret  
  36  6:10  SCV  
  37  6:29  Fire-Suppression Systems  
  37  6:37  Supply Depot  
  37  6:54  Supply Depot  
  37  7:00  Starport  
  37  7:36  Supply Depot  
  37  7:50  Command Center  
  37  7:57  Starport  
  37  7:59  Starport Tech Reactor  
  37  8:19  SCV  
  38  8:32  SCV  
  39  8:45  Perdition Turret  
  39  8:46  SCV  
  39  8:48  Perdition Turret  
  40  8:52  Refinery  
  40  9:24  Starport  
  40  9:29  Starport Tech Reactor  
  40  9:33  Science Vessel  
  40  9:34  Wraith  
  44  9:57  SCV  
  45  10:04  Upgrade Laser Drill Level 2  
  45  10:11  SCV  
  45  10:14  Wraith, Supply Depot  
  45  10:15  Supply Depot  
  45  10:19  Supply Depot  
  48  10:24  SCV  
  48  10:28  Supply Depot  
  49  10:36  Refinery  
  49  10:38  SCV  
  50  10:51  SCV  
  51  11:05  SCV  
  51  11:07  Starport Tech Reactor  
  52  11:10  Pulse Amplifier  
  52  11:13  Displacement Field  
  52  11:18  SCV  
  53  11:25  Terran Vehicle and Ship Weapons Level 1  
  53  11:32  SCV  
  53  11:38  KMC Auto-Loaders  
  54  11:45  SCV  
  55  12:04  Supply Depot  
  55  12:08  Supply Depot  
  55  12:10  Improved Nano-Repair  
  55  12:11  Supply Depot  
  55  12:13  Defensive Matrix  
  55  12:17  Supply Depot  
  55  12:25  SCV  
  56  12:37  Supply Depot  
  56  12:39  SCV  
  57  12:43  Science Vessel  
  57  12:44  Wraith  
  57  12:46  Science Vessel  
  57  12:48  Wraith  
  65  12:53  SCV  
  65  12:59  Wraith  
  68  13:06  SCV  
  69  13:20  SCV, Wraith  
  69  13:24  Science Vessel  
  69  13:28  Wraith  
  76  13:33  SCV  
  77  13:59  Structure Armor  
  77  14:33  Wraith x2  
  77  14:34  Wraith x2  
  85  15:32  Wraith x2  
  85  15:33  Wraith x4  
Show
View Real Time Build Order
Export as new Build Order

SlavaUkraini Zerg 

Build Orders:  

Get SALT Encoding   

  12  0:03  Infested SCV  
  13  0:19  Overlord  
  13  0:25  Infested SCV  
  14  0:31  Infested SCV  
  15  0:46  Infested SCV  
  16  0:50  Infested Colonist Compound  
  16  0:54  Infested SCV  
  17  1:00  Infested Barracks  
  17  1:09  Infested SCV  
  18  1:21  Overlord  
  18  1:37  Infested SCV  
  19  1:53  Infested SCV  
  20  2:10  Infested Command Center  
  20  2:11  Infested Marine  
  20  2:12  Infested Marine x2  
  20  2:16  Infested Marine  
  24  2:20  Infested SCV  
  24  2:22  Infested Marine  
  24  2:25  Infested Marine  
  27  2:31  Infested Refinery x2  
  27  2:43  Infested SCV  
  27  2:44  Infested SCV  
  29  2:58  Infested SCV  
  30  3:13  Infested SCV  
  31  3:23  Infested Barracks, Infested Barracks Tech Lab  
  31  3:37  Overlord  
  31  4:09  Infested Command Center  
  31  4:11  Infested SCV  
  31  4:12  Infested SCV x2  
  31  4:16  Infested SCV  
  31  4:17  Infested SCV  
  31  4:18  Infested SCV  
  34  4:20  Infested SCV  
  34  4:26  Retinal Augmentation  
  34  4:29  Infestation Level 1  
  32  4:38  Infested Engineering Bay  
  32  4:42  Infested Engineering Bay  
  32  4:57  Infested SCV x3  
  32  4:58  Infested SCV x2  
  37  5:13  Infested SCV  
  37  5:14  Infested SCV  
  39  5:26  Plagued Munitions  
  39  5:27  Stukov Infantry Weapons Level 1  
  39  5:30  Stukov Infantry Armor Level 1  
  39  5:32  Infested SCV  
  39  5:33  Infested SCV  
  41  5:46  Infested SCV  
  41  5:47  Infested SCV  
  43  5:58  Infested Barracks  
  43  6:05  Infested Barracks  
  43  6:10  Infested Barracks  
  43  6:14  Infested Marine x3  
  43  6:15  Infested Marine x8  
  54  6:21  Overlord x2  
  54  6:25  Overlord  
  54  6:35  Infested Factory  
  54  6:41  Overlord  
  54  6:42  Overlord  
  54  6:57  Infested Refinery  
  54  7:02  Infested Refinery  
  54  7:04  Infested SCV  
  54  7:06  Overlord x2  
  54  7:09  Infested Marine x3  
  58  7:10  Infested Marine x10  
  66  8:00  Infested Marine  
  66  8:01  Infested Marine x9  
  66  8:02  Infested Marine x19  
  66  8:05  Overlord x2  
  95  8:12  Stukov Infantry Weapons Level 2, Stukov Infantry Armor Level 2  
  94  8:25  Infested Barracks  
  94  8:29  Infested Barracks  
  84  8:31  Infestation Level 2  
  73  9:54  Infested Barracks  
  73  9:58  Infested Barracks  
  73  10:06  Infested Barracks, Infested Armory  
  44  10:11  Infested Barracks  
  44  10:12  Infested Barracks x2  
  44  10:19  Infested Colonist Compound  
  44  10:23  Infested Barracks  
  44  10:28  Infested Barracks  
  44  10:30  Infested Barracks  
  44  10:31  Broodling Gestation  
  44  10:33  Infested Marine  
  44  10:34  Infested Marine x18  
  44  10:35  Infested Marine x21  
  44  10:36  Infested Marine x21  
  44  10:37  Infested Marine x6  
  111  11:02  Infested SCV x2  
  111  11:03  Infested SCV x2  
  111  11:07  Overlord x2  
  111  11:08  Overlord x2  
  115  11:15  Infested Marine  
  115  11:16  Infested Marine x10  
  115  11:17  Infested Marine  
  124  11:39  Overlord x2  
  110  11:40  Overlord, Aggressive Incubation  
  110  11:42  Infested Marine  
  110  11:43  Infested Marine x14  
  110  11:44  Infested Marine x21  
  110  11:45  Infested Marine x14  
  154  12:08  Infested Marine x6  
  154  12:09  Infested Marine x22  
  159  12:10  Infested Marine x12  
  159  12:17  Overlord x2  
  165  12:23  Infestation Level 3  
  144  12:40  Unknown  
  99  13:31  Infested Marine x6  
  99  13:32  Infested Marine x21  
  99  13:33  Infested Marine x20  
  99  13:34  Infested Marine x9  
  114  14:18  Infested Barracks  
  100  14:21  Infested Colonist Compound  
  100  14:22  Infested Barracks  
  100  14:23  Infested Barracks  
  100  14:24  Infested Barracks  
  100  14:28  Infested Barracks  
  99  14:32  Infested Barracks  
  99  14:34  Infested Marine  
  99  14:35  Infested Barracks, Infested Marine x7  
  99  14:36  Infested Marine x23  
  99  14:37  Infested Marine x21  
  99  14:38  Infested Marine x17  
  99  14:39  Overlord x2  
  160  14:47  Infested Marine  
  160  14:48  Infested Marine x7  
  160  14:49  Infested Marine x21  
  174  14:50  Infested Marine x20  
  174  14:51  Infested Marine x2  
  174  14:52  Infested Barracks  
  193  15:11  Infested Marine x3  
  193  15:12  Infested Marine x4  
Tags
 
Commander
StukovSwann
Matchup
Co-op
Replay Pack
Multiplayer
Add a new tag
Caveats
  • Supply blocks, unpowered buildings, or Contaminate may cause inaccurate times.
  • Supply counts are checked every 10 seconds.